 Dungeon Crawl Stone Soup version 0.19-a0-1883-gc9e4fd8 (webtiles) character file.

269 zxpr0jk the Chiller (level 6, -6/45 HPs)
             Began as a Draconian Ice Elementalist on Oct 14, 2016.
             Mangled by a phantom (8 damage)
             ... on level 4 of the Dungeon.
             The game lasted 00:03:28 (2088 turns).

zxpr0jk the Chiller (Draconian Ice Elementalist)    Turns: 2088, Time: 00:03:28

Health: -6/45      AC:  7    Str: 10    XL:     6   Next: 1%
Magic:  20/20      EV: 12    Int: 16    God:
Gold:   82         SH:  0    Dex: 13    Spells: 1 memorised, 11 levels left

rFire  . . .     SeeInvis .     g - +0 dagger (venom)
rCold  . . .     Gourm    +     (armour unavailable)
rNeg   . . .     Faith    .     (no shield)
rPois  .         Spirit   .     (helmet restricted)
rElec  .         Dismiss  .     (no cloak)
rCorr  .         Reflect  .     e - +0 pair of gloves
MR     .....     Harm     .     (no boots)
Stlth  ++........               p - amulet of the gourmand
                                (no ring)
                                i - ring of magical power

@: no status effects
A: unfitting armour, cold-blooded, AC +6
a: no special abilities


You were on level 4 of the Dungeon.
You were very full.

You visited 1 branch of the dungeon, and saw 4 of its levels.

You collected 82 gold pieces.

Inventory:

Hand Weapons
 g - a +0 dagger of venom (weapon)
Armour
 e - a +0 pair of gloves (worn)
Jewellery
 i - a ring of magical power (left hand)
 p - an amulet of the gourmand (around neck)
Scrolls
 f - 5 scrolls of identify {unknown}
 j - a scroll of fog {unknown}
 k - a scroll of recharging {unknown}
 m - a scroll of immolation {unknown}
 q - a scroll of blinking {unknown}
 s - a scroll of fear {unknown}
Potions
 c - a potion of curing
 h - a potion of beneficial mutation {unknown}
 o - a potion of haste {unknown}
Books
 a - a book of Frost

   Spells                             Type                      Level
   a - Freeze                         Ice                          1
   b - Throw Frost                    Conjuration/Ice              2
   c - Ozocubu's Armour               Charms/Ice                   3
   d - Throw Icicle                   Conjuration/Ice              4
   e - Summon Ice Beast               Ice/Summoning                4
 l - a book of Clouds

   Spells                             Type                      Level
   a - Mephitic Cloud                 Conjuration/Poison/Air       3
   b - Conjure Flame                  Conjuration/Fire             3
   c - Poisonous Cloud                Conjuration/Poison/Air       6
   d - Freezing Cloud                 Conjuration/Ice/Air          6
   e - Ring of Flames                 Charms/Fire                  7
Comestibles
 b - a bread ration
 d - a meat ration
 n - 3 fruits
 r - a chunk of flesh


   Skills:
 - Level 1.7 Dodging
 - Level 1.7 Stealth
 + Level 3.6 Spellcasting
   Level 1.0 Conjurations
 * Level 5.8 Ice Magic


You had 11 spell levels left.
You knew the following spells:

 Your Spells              Type           Power        Failure   Level  Hunger
a - Freeze                Ice            ###.         1%          1    None


Dungeon Overview and Level Annotations

Branches:
Dungeon (4/15)
 Temple: D:4-7

Altars:

Shops:
D:4 *

Annotations:
D:3 zxpr0jk's ghost, amateur DrIE


Innate Abilities, Weirdness & Mutations

Your plain brown scales are hard. (AC +6)
You cannot fit into any form of body armour.
You are cold-blooded and may be slowed by cold attacks.


Message History

The phantom blinks!
The phantom blinks!
There is an open door here.
You miss the phantom.
The phantom is moderately damaged.
The phantom hits you but does no damage.
You barely miss the phantom.
The phantom is moderately damaged.
The phantom hits you but does no damage.
You miss the phantom.
The phantom is moderately damaged.
The phantom misses you.
You miss the phantom.
The phantom is moderately damaged.
The phantom hits you.
* * * LOW HITPOINT WARNING * * *
You hit the phantom.
The phantom is moderately damaged.
The phantom hits you!
You die...

#
#######............#######'##)
# #..........W.......# #.##)
## #........#########.# #.##.
.# #........# #.# #.##.
.###........#########.# #.##.
.'.'........W.##...##.# #.##.
.###........#.##...##.# #.##.
.###[.......#..#...##.# #.##.
##..........##.#@..##.# #.
#..........##.W...##.# #.
#..........###....##'###### #.
#..........# #............# #.
##...######## ##.##........#
#. ###### #.##........# #.
########## #.##.......## #.
.........# #.##.......# #.
.........+ ...+.......+ #.


You could see a phantom.

Vanquished Creatures
  An ogre (D:4)
  2 centaur skeletons (D:4)
  An orc wizard (D:4)
  A worker ant (D:4)
  3 adders
  An ooze (D:4)
  A worm (D:2)
  A dart slug (D:2)
  2 leopard geckos
  6 orcs (D:4)
  2 bats
  2 goblins
  5 hobgoblins
  2 jackals (D:4)
  A quokka (D:4)
  3 frilled lizards
  3 kobolds (D:2)
  8 rats
45 creatures vanquished.

Notes
Turn   | Place    | Note
-------+----------+-------------------------------------------
     0 | D:1      | zxpr0jk the Draconian Ice Elementalist began the quest for the Orb.
     0 | D:1      | Reached XP level 1. HP: 14/14 MP: 3/3
   539 | D:1      | Reached XP level 2. HP: 20/20 MP: 5/5
   862 | D:2      | Reached XP level 3. HP: 18/26 MP: 6/6
   943 | D:2      | Reached skill level 4 in Ice Magic
  1096 | D:3      | Noticed zxpr0jk's ghost (amateur DrIE)
  1105 | D:4      | Found Qoedom Pannu's Assorted Antiques.
  1124 | D:4      | Reached XP level 4. HP: 23/33 MP: 8/8
  1269 | D:4      | Noticed an ogre
  1281 | D:4      | Killed an ogre
  1281 | D:4      | Reached skill level 5 in Ice Magic
  1281 | D:4      | Reached XP level 5. HP: 27/38 MP: 9/9
  1942 | D:4      | Reached XP level 6. HP: 26/45 MP: 11/11
  2087 | D:4      | HP: 2/45 [phantom (6)]
  2088 | D:4      | Mangled by a phantom

Vault maps used:
D:1:      saegor_arrival_simple_f, hangedman_decor_points,
          kennysheep_decorative_pillar
D:2:      minmay_pentomino_u2
D:3:      minmay_vboxes, uniq_grinder
D:4:      serial_shops, nicolae_shop_crystal

Skill      XL: |  1  2  3  4 |
---------------+-------------+-----
Ice Magic      | 4 5 |  5.8
Spellcasting   | 3 |  3.6
Dodging        | |  1.7
Stealth        | |  1.7
Conjurations   | |  1.0

Action                   |  1- 3 |  4- 6 || total
-------------------------+-------+-------++-------
Melee: Unarmed           |     5 |       ||     5
       Dagger            |    82 |   109 ||   191
       Tailslap          |     7 |     8 ||    15
 Cast: Freeze            |     7 |       ||     7
  Use: Potion            |     1 |       ||     1
 Stab: Sleeping          |     2 |     1 ||     3
  Eat: Chunk             |     4 |    10 ||    14
Armor: Skin              |    24 |    22 ||    46
Dodge: Dodged            |    52 |    60 ||   112
